 Dungeon Crawl Stone Soup version 0.19.1 (console) character file.

5 Jesseh the Skirmisher (level 1, -2/19 HPs)
             Began as a Ghoul Monk on Nov 29, 2016.
             Slain by a rat (3 damage)
             ... on level 1 of the Dungeon.
             The game lasted 00:01:05 (123 turns).

Jesseh the Skirmisher (Ghoul Monk)                   Turns: 123, Time: 00:01:06

Health: -2/19      AC:  2    Str: 14    XL:     1   Next: 80%
Magic:  0/0        EV: 12    Int:  5    God:
Gold:   11         SH:  0    Dex: 11    Spells: 0 memorised, 0 levels left

rFire  . . .     SeeInvis .       - Unarmed
rCold  + . .     Gourm    .     a - +0 robe
rNeg   + + +     Faith    .     (no shield)
rPois  ∞         Spirit   .     (no helmet)
rElec  .         Reflect  .     (no cloak)
rCorr  .         Harm     .     (no gloves)
MR     .....                    (no boots)
Stlth  ++........               (no amulet)
                                (no ring)
                                (no ring)

@: rotting
A: rotting body, claws 1, carnivore 3, cold resistance 1, negative energy
resistance 3, slow regeneration 1, torment resistance, unbreathing
a: no special abilities


You were on level 1 of the Dungeon.
You were not hungry.

You visited 1 branch of the dungeon, and saw 1 of its levels.

You collected 11 gold pieces.

Inventory:

Armour
 a - a +0 robe (worn)
Comestibles
 b - a meat ration


   Skills:
 + Level 3.5 Fighting
 - Level 2.6 Dodging
 - Level 2.1 Stealth
 * Level 3.4 Unarmed Combat


You couldn't memorise any spells.
You didn't know any spells.

Dungeon Overview and Level Annotations

Branches:
Dungeon (1/15)

Altars:


Innate Abilities, Weirdness & Mutations

Your body is rotting away.
You thrive on raw meat.
You are immune to poison.
You have sharp fingernails.
You are carnivorous and can eat meat at any time.
Your flesh is cold resistant. (rC+)
You are immune to negative energy. (rN+++)
You regenerate slowly when monsters are visible.
You are immune to unholy pain and torment.
You can survive without breathing.


Message History

Welcome, Jesseh the Ghoul Monk.
Will you be the one to retrieve the fabulous Orb of Zot from the depths?
Found 22 stones and a club.
Found a staircase leading out of the dungeon.
Currently training: Fighting(3.2), Unarmed Combat(3.2).
Choose a target skill level: 22 stones.
The floor.
You enter the shallow water.
Moving in this stuff is going to be slow.
A hobgoblin comes into view.
The hobgoblin shouts!
The hobgoblin barely misses you.
You closely miss the hobgoblin. The hobgoblin misses you.
You claw the hobgoblin!
You kill the hobgoblin!
No target in view!
A rat comes into view.
The rat barely misses you.
You claw the rat!
You kill the rat!
No target in view!
You now have 11 gold pieces.
A hobgoblin comes into view. It is wielding a club.
The helpless hobgoblin fails to defend itself.
You scratch the hobgoblin. The hobgoblin hits you with a club.
You scratch the hobgoblin. The hobgoblin closely misses you.
You closely miss the hobgoblin. The hobgoblin closely misses you.
You barely miss the hobgoblin. The hobgoblin barely misses you.
You scratch the hobgoblin.
You kill the hobgoblin!
No target in view!
A frilled lizard and a goblin come into view.
The frilled lizard moves out of view.
The goblin shouts!
A rat comes into view.
Found a stone staircase leading down.
You see here a smoky coppery potion.
You scratch the goblin. The goblin hits you with a dagger.
The frilled lizard hisses angrily.
You scratch the goblin but do no damage.
The goblin hits you with a dagger.
You closely miss the goblin. The goblin hits you with a dagger.
The rat bites you.
* * * LOW HITPOINT WARNING * * *
You are too injured to fight recklessly!
You are too injured to fight recklessly!
You are too injured to fight recklessly!
You are too injured to fight recklessly!
You are too injured to fight recklessly!
You scratch the goblin. The goblin hits you with a dagger.
* * * LOW HITPOINT WARNING * * *
You scratch the goblin.
You kill the goblin!
The rat completely misses you. The frilled lizard bites you.
* * * LOW HITPOINT WARNING * * *
You aren't carrying any potions.
You aren't carrying any spellbooks or scrolls.
The rat twitches its whiskers.
You barely miss the frilled lizard. The frilled lizard closely misses you.
You closely miss the frilled lizard. The frilled lizard closely misses you.
The rat closely misses you.
You scratch the frilled lizard.
You kill the frilled lizard!
The rat bites you.
* * * LOW HITPOINT WARNING * * *
You barely miss the rat. You closely miss the rat. The rat bites you.
* * * LOW HITPOINT WARNING * * *
You scratch the rat but do no damage. The rat bites you.
You die...

▒....▒ ▒...▒ ▒.▒.▒
▒▒▒r▒.▒ ....▒.▒
▒▒▒▒▒.▒▒▒▒▒▒▒▒▒▒▒▒▒▒▒▒▒
▒ ▒.▒#≈≈≈≈≈##≈≈≈##≈≈▒
▒▒ ▒.▒≈#≈≈≈.....###≈≈▒
.▒▒ ▒.▒≈≈....≈≈rn.##≈#▒
▒.▒▒▒.▒≈...≈≈≈.≈≈≈.##≈▒
▒▒.....#..≈≈≈.<..≈≈..≈▒
▒.▒▒▒▒▒≈...≈≈≈.≈≈≈.#.#▒
.▒▒ ▒≈#....≈≈≈)..#≈#▒
▒▒ ▒##≈≈≈.....###≈≈▒ ▒
▒≈#≈≈≈≈≈≈≈≈###≈≈▒ .
▒▒▒▒▒▒▒▒▒▒▒▒▒▒▒▒▒ ..


You could see a rat.

Vanquished Creatures
  A goblin (D:1)
  2 hobgoblins (D:1)
  A frilled lizard (D:1)
  A rat (D:1)
5 creatures vanquished.

Notes
Turn   | Place    | Note
-------+----------+-------------------------------------------
     0 | D:1      | Jesseh the Ghoul Monk began the quest for the Orb.
     0 | D:1      | Reached XP level 1. HP: 19/19 MP: 0/0
    71 | D:1      | HP: 3/19 [goblin/dagger (3)]
    87 | D:1      | HP: 2/19 [frilled lizard (2)]
   117 | D:1      | HP: 1/19 [rat (1)]
   122 | D:1      | HP: 1/19 [rat (1)]
   123 | D:1      | Slain by a rat

Action                   || total
-------------------------++-------
Melee: Unarmed           ||    19
 Stab: Sleeping          ||     1
Dodge: Dodged            ||    10

Vault maps used:
D:1:      dpeg_arrival_shrine

Table legend:
 A = Turns spent in this place as a percentage of turns spent in the entire game.
 B = Non-inter-level travel turns spent in this place as a percentage of non-inter-level travel turns spent in the entire game.
 C = Inter-level travel turns spent in this place as a percentage of turns spent in this place.
 D = Turns resting spent in this place as a percentage of non-inter-level travel turns spent in this place.
 E = Turns spent auto-exploring this place as a percentage of non-inter-level travel turns spent in this place.
 F = Non-inter-level travel turns spent in this place divided by the number of levels of this place that you've seen.
                   A       B       C       D       E      F
               +-------+-------+-------+-------+-------+----------------------
         Total | 100.0 | 100.0 |   0.0 |   0.0 |   4.3 |  92.0
       Dungeon | 100.0 | 100.0 |   0.0 |   0.0 |   4.3 |  92.0
               +-------+-------+-------+-------+-------+----------------------

Table legend:
 A = Kills in this place as a percentage of kills in entire the game.
 B = Kills by you in this place as a percentage of kills by you in the entire game.
 C = Kills by friends in this place as a percentage of kills by friends in the entire game.
 D = Other kills in this place as a percentage of other kills in the entire game.
 E = Experience gained in this place as a percentage of experience gained in the entire game.
 F = Experience gained in this place divided by the number of levels of this place that you have seen.
                   A       B       C       D       E      F
               +-------+-------+-------+-------+-------+----------------------
         Total | 100.0 | 100.0 |  -nan |  -nan | 100.0 |   8.0
       Dungeon | 100.0 | 100.0 |  -nan |  -nan | 100.0 |   8.0
               +-------+-------+-------+-------+-------+----------------------
